 Dungeon Crawl Stone Soup version 0.27-a0-797-g27d10ad80f (webtiles) character file.

Game seed: 4487776743562220577

4169 dickylongcocking the Martial Artist (level 10, -10/93 HPs)
             Began as a Djinni Transmuter on Mar 27, 2021.
             Was an Initiate of Makhleb.
             Mangled by a death yak (16 damage)
             ... on level 9 of the Dungeon.
             The game lasted 00:07:51 (12018 turns).

dickylongcocking the Martial Artist (DjTm)         Turns: 12018, Time: 00:07:52

Health: -10/93     AC: 29    Str:  7 (9)  XL:     10   Next: 28%
Gold:   451        EV:  2    Int: 22 (24) God:    Makhleb [......] SH:  0 Dex: 11 (14)

rFire    . . .     SeeInvis .     - Unarmed
rCold    . . .     Faith    .   (no shield)
rNeg     + + +     Spirit   .   (armour currently unavailable)
rPois    ∞         Reflect  .   (helmet currently unavailable)
rElec    .         Harm     .   (cloak currently unavailable)
rCorr    .         Rampage  .   (gloves currently unavailable)
Will     +....     NoTele   +   (boots unavailable)
Stlth    +.........             m - amulet of the acrobat
HPRegen  0.25/turn              l - +4 ring of protection
MPRegen  0.00/turn              r - +6 ring of intelligence

@: brilliant, tree-form
A: stationary, stasis, torment immunity, boosted hp, (fire resistance 2), (cold
vulnerability 1), float, innate caster, hp casting, extra vitality 1
a: Renounce Religion


You were on level 9 of the Dungeon.
You worshipped Makhleb.
Makhleb was noncommittal.
You were a tree.
You visited 2 branches of the dungeon, and saw 10 of its levels.

You collected 451 gold pieces.

Inventory:

Hand Weapons
 I - the +8 spear "Decro" {vamp, *Slow rPois Int+5 SInv}
   (You found it on level 9 of the Dungeon)

   It inflicts no extra harm, but heals its wielder when it wounds a living foe.
   It affects your intelligence (+5).
   It protects you from poison.
   It lets you see invisible.
   It may slow you when you take damage.
Armour
 a - a +0 robe (melded)
 x - a +0 pair of gloves (melded)
Jewellery
 l - a +4 ring of protection (left branch)
 m - an amulet of the acrobat (around neck)
 p - a +6 ring of strength
 r - a +6 ring of intelligence (right branch)
 A - a ring of poison resistance
 E - a +6 ring of dexterity
 G - a ring of resist corrosion
Wands
 u - a wand of random effects (27)
 D - a wand of flame (26)
Scrolls
 c - a scroll of vulnerability {unknown}
 d - a scroll of brand weapon {unknown}
 e - 12 scrolls of identify {unknown}
 f - 2 scrolls of amnesia
 g - 2 scrolls of teleportation {unknown}
 h - a scroll of acquirement {unknown}
 n - a scroll of torment {unknown}
 o - 2 scrolls of holy word {unknown}
 s - a scroll of blinking {unknown}
 t - a scroll of enchant weapon
 w - a scroll of magic mapping {unknown}
 y - a scroll of enchant armour {unknown}
 K - a scroll of immolation {unknown}
Potions
 b - 3 potions of curing {unknown}
 i - a potion of resistance {unknown}
 j - a potion of degeneration
 k - a potion of brilliance
 q - a potion of haste {unknown}
 v - a potion of magic
 z - a potion of mutation {unknown}
 B - a potion of might {unknown}
 C - a potion of lignification
 F - 2 potions of cancellation {unknown}
 H - a potion of flight {unknown}
 J - a potion of attraction {unknown}


   Skills:
 - Level 1.0 Fighting
 - Level 2.1 Dodging
 * Level 10.7 Unarmed Combat
 * Level 8.9 Spellcasting


You had 3 spell levels left.
You knew the following spells:

 Your Spells              Type           Power      Damage    Failure   Level
a - Beastly Appendage     Tmut           100%       N/A       1%          1
b - Wereblood             Tmut           65%        N/A       1%          2
c - Spider Form           Tmut/Pois      32%        N/A       1%          3
d - Ice Form              Ice/Tmut       65%        N/A       1%          4
f - Apportation           Tloc           100%       N/A       1%          1
g - Passwall              Tmut/Erth      54%        N/A       1%          2
h - Swiftness             Air            65%        N/A       1%          2
i - Confusing Touch       Hex            65%        N/A       1%          3
z - Blade Hands           Tmut           32%        N/A       4%          5
Your spell library was empty.

Dungeon Overview and Level Annotations

Branches:
Dungeon (8/15)             Temple (1/1) D:7
   Lair: D:8-11

Altars:
Ashenzari
Cheibriados
Dithmenos
Elyvilon
Fedhas
Hepliaklqana
Kikubaaqudgha
Makhleb
Nemelex Xobeh
Okawaru
Ru
Sif Muna
Trog
Uskayaw
Vehumet
Wu Jian
Xom
Yredelemnul
The Shining One

Annotations:
D:9 Erolcha


Innate Abilities, Weirdness & Mutations

You are a tree.
Your roots penetrate the ground, keeping you stationary.
You cannot be teleported.
You are immune to unholy pain and torment.
Your maximum health is greatly increased.
Your equipment is partially melded.
You are immune to poison.
((Your flesh is very heat resistant. (rF++)))
((You are vulnerable to cold. (rC-)))
You float through the air rather than walking.
You learn spells naturally, not from books.
Your magical power is your life essence.
You have superior vitality. (+4 HP)


Message History

The death yak is lightly wounded.
A hell rat comes into view.
The death yak gores you!!
The hell rat roars deafeningly!
You hit the death yak.
The death yak is lightly wounded.
A yak comes into view.
Erolcha gestures at herself while chanting.
Erolcha flickers and vanishes!
Deactivating autopickup; reactivate with Ctrl-A.
The death yak barely misses you.
As you read the scroll labelled MYSEORA JOCA, it crumbles to dust.
It is a scroll of amnesia.
You feel forgetful for a moment. The death yak gores you.
As you read the scroll labelled BAKYGAZXERR, it crumbles to dust.
It is a scroll of enchant weapon.
You aren't carrying any weapons that can be enchanted.
The death yak gores you!!
* * * LOW HITPOINT WARNING * * *
Unknown command.
Unknown command.
Unknown command.
Really quaff the potion of lignification?
Your hands revert to their normal proportions.
Your +0 pair of gloves unmelds from your body.
You turn into a tree.
Your +0 pair of gloves melds into your body.
Your +0 robe melds into your body.
Your roots penetrate the ground.
Unknown command.
Unknown command.
It was a potion of brilliance.
You feel clever all of a sudden.
It was a potion of degeneration.
There was something very wrong with that liquid.
You feel weakened.
You feel dopey.
You feel clumsy.
The death yak gores you but does no damage. x2
It was a potion of magic.
Magic courses through your body.
The death yak gores you but does no damage.
The death yak gores you!
You die...

#.##........
#...Y.....#
####......##
####..........
#...Y#......#.
####Y#........
#Y#........
######Y#####....
##.....Y♣.......≈ ..#
##...............≈
#..#
#................#
##..#
#...............#
#...#
#.....>.........#
#...#
#.............[..
##...#
#.)..............
.....#
##...........>.#.
##...#####.....#.....#


You could see 2 death yaks and 3 yaks.

Vanquished Creatures
  Harold (D:9)
  Pikel (D:6)
  Maurice (D:9)
  A yak (D:9)
  Eustachio (D:4)
  Menkaure (D:4)
  A sky beast (D:4)
  A black bear (D:5)
  An ice beast (D:7)
  3 ogres
  2 lemures (D:6)
  A kobold brigand (D:7)
  3 bullfrogs
  A wyvern skeleton (D:7)
  2 scorpions (D:4)
  2 water moccasin skeletons
  4 killer bees (D:7)
  2 electric eels (D:8)
  4 centaur zombies
  3 jellies
  2 hounds
  A bullfrog skeleton (D:4)
  2 orc priests
  2 iguanas (D:5)
  2 gnoll shamans
  Ijyb (D:4)
  Jessica (D:2)
  Natasha (D:2)
  3 orc wizards
  A hound skeleton (D:4)
  Robin (D:2)
  A howler monkey zombie (D:7)
  12 gnolls
  A howler monkey skeleton (D:4)
  7 adders
  A river rat (D:5)
  2 shadow imps
  2 white imps
  3 worms
  3 dart slugs
  16 orcs
  8 ball pythons
  5 endoplasms
  4 giant cockroaches
  13 goblins
  7 hobgoblins
  6 jackals
  5 quokkas
  6 bats
  2 frilled lizards
  6 kobolds
  6 rats
169 creatures vanquished.

Notes
Turn   | Place    | Note
-------+----------+-------------------------------------------
     0 | D:1      | dickylongcocking the Djinni Transmuter began the quest for
                  | the Orb.
     0 | D:1      | Reached XP level 1. HP: 17/17 MP: 0/0
   611 | D:1      | Reached XP level 2. HP: 13/22 MP: 0/0
  1515 | D:1      | Reached XP level 3. HP: 27/27 MP: 0/0
  1515 | D:1      | Learned a level 1 spell: Apportation
  1654 | D:2      | Noticed Natasha
  1664 | D:2      | Killed Natasha
  1982 | D:2      | Reached XP level 4. HP: 21/32 MP: 0/0
  2118 | D:2      | Reached skill level 4 in Unarmed Combat
  2595 | D:2      | Noticed Jessica
  2602 | D:2      | Killed Jessica
  2854 | D:2      | Noticed Robin
  2873 | D:2      | Killed Robin
  2874 | D:2      | Reached XP level 5. HP: 29/37 MP: 0/0
  2874 | D:2      | Learned a level 2 spell: Passwall
  4524 | D:4      | Noticed Menkaure
  4533 | D:4      | Killed Menkaure
  4534 | D:4      | Reached skill level 5 in Unarmed Combat
  4534 | D:4      | Reached XP level 6. HP: 42/42 MP: 0/0
  4707 | D:4      | Reached XP level 7. HP: 34/47 MP: 0/0
  4707 | D:4      | Learned a level 2 spell: Swiftness
  4847 | D:4      | Reached skill level 6 in Unarmed Combat
  5275 | D:4      | Reached skill level 5 in Spellcasting
  5392 | D:4      | Noticed Eustachio
  5412 | D:4      | Killed Eustachio
  5413 | D:4      | Reached XP level 8. HP: 31/52 MP: 0/0
  5555 | D:4      | Reached skill level 7 in Unarmed Combat
  5724 | D:4      | Noticed Ijyb
  5735 | D:4      | Killed Ijyb
  5802 | D:5      | Entered Level 5 of the Dungeon
  7411 | D:6      | Reached skill level 8 in Unarmed Combat
  8206 | D:6      | Noticed Pikel
  8229 | D:6      | Killed Pikel
  8230 | D:6      | Reached skill level 9 in Unarmed Combat
  8230 | D:6      | Reached XP level 9. HP: 33/57 MP: 0/0
  8230 | D:6      | Learned a level 3 spell: Confusing Touch
  9111 | D:7      | Found a staircase to the Ecumenical Temple.
  9146 | Temple   | Entered the Ecumenical Temple
  9277 | Temple   | Became a worshipper of Makhleb the Destroyer
 10528 | D:8      | Found a glowing golden altar of the Shining One.
 11420 | D:8      | You are sucked into a shaft and drop 1 floor!
 11433 | D:9      | Identified the +8 spear "Decro" {vamp, *Slow rPois Int+5
                  | SInv}
 11461 | D:9      | Noticed Maurice
 11474 | D:9      | Killed Maurice
 11475 | D:9      | Reached skill level 10 in Unarmed Combat
 11475 | D:9      | Reached XP level 10. HP: 53/62 MP: 0/0
 11533 | D:9      | Noticed Harold
 11543 | D:9      | Killed Harold
 11999 | D:9      | Noticed a death yak
 12001 | D:9      | Noticed a death yak
 12003 | D:9      | Noticed Erolcha
 12011 | D:9      | HP: 3/62 [death yak (23)]
 12018 | D:9      | Mangled by a death yak

Illustrated notes

Levels and vault maps discovered:
D:1:      evilmike_arrival_crescent, layout_basic, minmay_misc_feat_doors
D:2:      layout_loops_ring, corexii_corridor_pit, minmay_heptomino_d4,
          uniq_jessica, uniq_natasha, uniq_robin
D:3:      layout_loops_ring
D:4:      layout_basic, uniq_ijyb, uniq_menkaure, uniq_eustachio
D:5:      layout_loops_cross, portal_sewer_entry_b, chequers_decorated_corner,
          nicolae_sextant
D:6:      layout_basic, st_stairs_10, uniq_pikel
D:7:      layout_basic, minmay_temple_entry_glassed_door, st_stairs_9
D:8:      layout_gridville, zin_angel, basic_altar, minivault_14,
          serial_park_tiny_2
D:9:      wad_lake_hut, layout_rooms, dpeg_lair_monsters, minivault_22,
          kb_lookout_dungeons_type, uniq_psyche, uniq_erolcha, uniq_maurice,
          uniq_harold
Temple:   regret_index_temple_sigil_plot

Skill      XL: |  1  2  3  4  5  6  7  8  9 |
---------------+----------------------------+-----
Spellcasting   | 2 3 4 5 7 8 |  8.9
Unarmed Combat | 4 5 6 9 10 | 10.7
Fighting       | |  1.0
Dodging        | |  2.1

Action                   |  1- 3 |  4- 6 |  7- 9 | 10-12 || total
-------------------------+-------+-------+-------+-------++-------
Melee: Unarmed           |   119 |   144 |   340 |    15 ||   618
       Headbutt          |     9 |       |       |       ||     9
       Punch             |     1 |       |     8 |       ||     9
       Spear             |       |       |       |     1 ||     1
 Cast: Beastly Appendage |     9 |       |     4 |     1 ||    14
       Spider Form       |       |    10 |    28 |       ||    38
       Passwall          |       |     1 |       |       ||     1
       Blade Hands       |       |       |     6 |     3 ||     9
       Swiftness         |       |       |     1 |       ||     1
       Confusing Touch   |       |       |       |     1 ||     1
Evoke: Wand              |       |       |     3 |       ||     3
  Use: Potion            |     1 |     1 |     1 |     5 ||     8
       Scroll            |       |       |       |     2 ||     2
 Stab: Sleeping          |     1 |       |       |       ||     1
Armor: Robe              |    39 |    31 |    34 |       ||   104
       Skin              |     2 |    14 |    52 |     7 ||    75
Dodge: Dodged            |    81 |    69 |   273 |     6 ||   429

Table legend: (Time is in decaauts)
 A = Elapsed time spent in this place.
 B = Non-inter-level travel time spent in this place.
 C = Inter-level travel time spent in this place.
 D = Time resting spent in this place.
 E = Time spent auto-exploring this place.
 F = Levels seen in this place.
 G = Mean time per level.
                   A        B        C        D        E       F      G
               +--------+--------+--------+--------+--------+-----+--------+
         Total |  11942 |  11701 |    241 |   2365 |   7988 |  10 | 1194.2 |
       Dungeon |  11777 |  11561 |    216 |   2365 |   7857 |   9 | 1308.6 |
        Temple |    164 |    140 |     24 |      0 |    131 |   1 |  164.0 |
               +--------+--------+--------+--------+--------+-----+--------+

Top non-repeatable levels by time:
     D:2: 2154 daAuts
     D:7: 1948 daAuts
     D:1: 1607 daAuts
     D:5: 1497 daAuts
     D:4: 1283 daAuts
     D:6: 1218 daAuts
     D:8: 748 daAuts
     D:3: 727 daAuts
     D:9: 591 daAuts
  Temple: 164 daAuts
